 Dungeon Crawl Stone Soup version 0.31-a0-150-g89dc3ad700 (webtiles) character file.

Game seed: 3411611274366390218

35 qw the Shooter (level 3, -1/22 HPs)
             Began as a Gargoyle Hunter on June 8, 2023.
             Slain by a goblin
             ... wielding a +0 dagger
             ... led by Robin
              (3 damage)
             ... on level 1 of the Dungeon.
             The game lasted 00:00:22 (1120 turns).

qw the Shooter (Gargoyle Hunter)                    Turns: 1120, Time: 00:00:22

Health: -1/22      AC:  8    Str: 14    XL:     3   Next: 33%
Magic:  3/3        EV: 11    Int:  9    God:
Gold:   56         SH:  0    Dex: 15    Spells: 2/2 levels left

rFire   . . .        Y - +0 shortbow
rCold   . . .        (shield currently unavailable)
rNeg    + . .        c - +0 leather armour
rPois   inf          l - +0 helmet
rElec   +            (no cloak)
rCorr   .            (no gloves)
SInv    .            f - +0 pair of boots
Will    .....        (no amulet)
Stlth   ++           (no ring)
HPRegen 0.23/turn    (no ring)
MPRegen 0.08/turn

%: no passive effects
@: no status effects
A: sickness immunity, AC +3, negative energy resistance 1, electricity
resistance, torment resistance 1, petrification resistance
a: no special abilities


You were on level 1 of the Dungeon.
You visited 1 branch of the dungeon, and saw 2 of its levels.

You collected 56 gold pieces.


Innate Abilities, Weirdness & Mutations

You are immune to sickness and miasma.
Your stone body is resilient. (AC +3)
You are immune to poison.
You resist negative energy. (rN+)
You are resistant to electric shocks. (rElec)
You are resistant to unholy torment.
You are immune to petrification.


   Skills:
 + Level 2.4 Fighting
 - Level 5.0 Ranged Weapons
 - Level 1.5 Dodging
 - Level 1.1 Stealth


You had 2 spell levels left.
You didn't know any spells.
Your spell library was empty.

Inventory:

Hand Weapons
 Y - a +0 shortbow (weapon)
Armour
 c - a +0 leather armour (worn)
 f - a +0 pair of boots (worn)
 l - a +0 helmet (worn)
Potions
 e - a potion of berserk rage {unknown}
 h - a potion of mutation {unknown}

Dungeon Overview and Level Annotations

Branches:
Dungeon (2/15)

Altars:

Annotations:
D:2 Robin


Message History

A goblin comes into view. It is wielding a +0 dagger.
The goblin closely misses you.
A goblin comes into view. It is wielding a +0 dagger.
Robin throws the goblin at you!
The goblin shouts!
You shoot an arrow. The arrow hits the hobgoblin!
You kill the hobgoblin!
The goblin hits you but does no damage. The goblin barely misses you.
You shoot an arrow. The arrow hits the hobgoblin!
You kill the hobgoblin!
The goblin hits you with a +0 dagger. x2
Robin roars a battlecry!
The goblins go into a battle-frenzy!
You shoot an arrow. The arrow hits the goblin!
You kill the goblin!
The goblin closely misses you. Robin throws the goblin at you!
The goblin misses you. The goblin hits you but does no damage.
The goblin hits you with a +0 club. Robin throws the goblin at you!
1115 ||| STAIRDANCE The goblin completely misses you.
The goblin hits you but does no damage. The goblin hits you with a +0 club.
The goblin hits you but does no damage.
You climb upwards.
There is a stone staircase leading down here.
Enter note:
Enter note:
Enter note:
Enter note: You shoot an arrow.
The arrow closely misses the goblin.
The goblin hits you but does no damage. The goblin completely misses you.
The goblin hits you with a +0 club. The goblin hits you with a +0 dagger.
You shoot an arrow. The arrow misses the goblin.
The goblin hits you with a +0 dagger. The goblin misses you.
The goblin hits you but does no damage. x2
You shoot an arrow. The arrow barely misses the goblin.
The goblin hits you with a +0 dagger.
The goblin hits you but does no damage. x2
The goblin barely misses you.
You shoot an arrow. The arrow hits the goblin.
You kill the goblin!
The goblin hits you with a +0 dagger.
You die...

#.###.##.# ###########........#
#...##..........####
.###.#.#######..### ##
##..#..........# #####
######.#.....#..#.# #...#
##..............#.###.#.###
....##.#.....#.g#)#...#...#
###.#..#.....#.g@...#####.######
..#....###.##...g.#...#........#
###.##............###...######.#
#...##.###........# #.#.....##.#
###.##.# ######.### #...###.##.#
..#.##.# #.# ###.###.##.#
###.##.# ##'## #........#
....##.# ##...## #####.####
###.##.# ##.....## ###.#####


You could see 3 goblins.

Vanquished Creatures
  3 endoplasms (D:1)
  A giant cockroach (D:1)
  6 goblins
  6 hobgoblins
  A kobold (D:1)
  2 ball pythons (D:1)
  4 bats (D:1)
  A frilled lizard (D:1)
  10 rats (D:1)
34 creatures vanquished.

Notes
Turn   | Place    | Note
-------+----------+-------------------------------------------
     0 | D:1      | qw the Gargoyle Hunter began the quest for the Orb.
     0 | D:1      | Reached XP level 1. HP: 12/12 MP: 1/1
     0 | D:1      | 0 ||| qw: Version: 0.2-a-119-g7aa9181
     0 | D:1      | 0 ||| qw: Game counter: 2902
     0 | D:1      | 0 ||| qw: Always use a shield: true
     0 | D:1      | 0 ||| qw: God list: Okawaru
     0 | D:1      | 0 ||| qw: Allow faded altars: false
     0 | D:1      | 0 ||| qw: Do Orc after D:15 true
     0 | D:1      | 0 ||| qw: Do second Lair branch before Depths: true
     0 | D:1      | 0 ||| qw: Lair rune preference: random
     0 | D:1      | 0 ||| qw: Plans: Normal
     0 | D:1      | 0 ||| PLANNING D:1-11
   168 | D:1      | Reached XP level 2. HP: 17/17 MP: 2/2
   572 | D:1      | Reached XP level 3. HP: 21/21 MP: 3/3
   574 | D:1      | Reached skill level 5 in Ranged Weapons
   944 | D:1      | 944 ||| UPGRADING to +0 pair of boots.
   949 | D:1      | 949 ||| UPGRADING to +0 helmet.
   954 | D:1      | 954 ||| READING scroll labelled GOALUTTAET.
   955 | D:1      | 955 ||| READING scroll labelled FIYF FUOPLIUMN.
   956 | D:1      | 956 ||| READING scroll labelled TOOWNE VAYL.
   957 | D:1      | 957 ||| READING scroll labelled OFUNIU UTZA.
   958 | D:1      | 958 ||| READING scroll labelled PEABLI NUBRIU.
  1059 | D:1      | 1059 ||| DROPPING scroll of butterflies.
  1109 | D:2      | Identified the +0 helmet of the Swan {Fly rN+}
  1109 | D:2      | Noticed Robin
  1115 | D:2      | 1115 ||| STAIRDANCE
  1118 | D:1      | HP: 4/22 [goblin/+0 dagger[Robin] (3)]
  1120 | D:1      | Slain by a goblin

Levels and vault maps discovered:
D:1:      evilmike_arrival_hilbert_curve, layout_loops_corners,
          minmay_rat_gold_closets
D:2:      layout_basic, serial_shops, shop_fountains, st_stairs_10,
          minmay_parallelograms, minmay_misc_feat_doors, uniq_robin,
          uniq_jessica

Skill      XL: |  1  2  3 |
---------------+----------+-----
Ranged Weapons | 5 |  5.0
Fighting       | |  2.4
Dodging        | |  1.5
Stealth        | |  1.1

Action                     || total
---------------------------++-------
   Fire: Shortbow          ||    70
    Use: Scroll            ||     5
 Armour: Leather armour    ||    21
  Dodge: Dodged            ||    21

Table legend:
 A = Non-vault XP
 B = Vault XP
 C = Vault XP percentage of total XP
 D = Non-vault monster count
 E = Vault monster count
 F = Vault count percentage of total count
                 A         B        C        D         E       F
            +---------+---------+-------+---------+---------+-------
      Total |      34 |      18 |  34.6 |      20 |      14 |  41.2
            +---------+---------+-------+---------+---------+-------
        D:1 |      34 |      12 |  26.1 |      20 |      11 |  35.5
        D:2 |       0 |       6 | 100.0 |       0 |       3 | 100.0
            +---------+---------+-------+---------+---------+-------
